 Dungeon Crawl Stone Soup version 0.27-a0-1081-ge8a0a9c698 (webtiles) character file.

Game seed: 1509660245515848917

12 tardwrangler69 the Digger (level 2, 0/17 HPs)
             Began as an Octopode Earth Elementalist on Apr 25, 2021.
             Slain by Terence
             ... wielding a +0 falchion
              (8 damage)
             ... on level 2 of the Dungeon.
             The game lasted 00:00:42 (1588 turns).

tardwrangler69 the Digger (OpEE)                    Turns: 1588, Time: 00:00:43

Health: 0/17       AC:  1    Str: 13    XL:     2   Next: 33%
Magic:  2/5        EV: 13    Int: 17    God:
Gold:   40         SH:  0    Dex: 12    Spells: 4/5 levels left

rFire    . . .     SeeInvis .   g - +0 long sword
rCold    . . .     Faith    .   (no shield)
rNeg     . . .     Spirit   .   (helmet restricted)
rPois    .         Reflect  .   (no amulet)
rElec    .         Harm     .   a - +6 ring of strength
rCorr    .         Rampage  .   (no ring)
Will     .....                  (no ring)
Stlth    +++.......             (no ring)
HPRegen  0.05/turn              (no ring)
MPRegen  0.09/turn              (no ring)
                                (no ring)
                                (no ring)

@: very slightly contaminated
A: almost no armour, amphibious, 8 rings, camouflage 1, gelatinous body 1,
(nimble swimmer 1), tentacles
a: no special abilities


You were on level 2 of the Dungeon.
You visited 1 branch of the dungeon, and saw 2 of its levels.

You collected 40 gold pieces.

Inventory:

Hand Weapons
 g - a +0 long sword (weapon)
Missiles
 b - 23 stones
Jewellery
 a - a +6 ring of strength (left tentacle)
Scrolls
 c - a scroll of teleportation {unknown}
 d - a scroll of blinking {unknown}
 e - a scroll of identify {unknown}
 f - a scroll of enchant weapon {unknown}


   Skills:
 - Level 2.0 Dodging
 - Level 2.6 Stealth
 + Level 2.2 Spellcasting
 - Level 1.0 Transmutations
 * Level 3.5 Earth Magic


You had 4 spell levels left.
You knew the following spells:

 Your Spells              Type           Power      Damage    Failure   Level
a - Sandblast             Erth           26%        2d8       4%          1

Your spell library contained the following spells:

 Spells                   Type           Power      Damage    Failure   Level
 Passwall                 Tmut/Erth      7%         N/A       12%         2
 Stone Arrow              Conj/Erth      14%        3d7       28%         3
 Petrify                  Tmut/Erth      9%         N/A       58%         4
 Lee's Rapid Deconstruct  Erth           6%         3d7*      77%         5


Dungeon Overview and Level Annotations

Branches:
Dungeon (2/15)

Altars:

Annotations:
D:2 Terence


Innate Abilities, Weirdness & Mutations

You cannot wear most types of armour.
You are amphibious.
You can wear up to eight rings at the same time.
Your skin changes colour to match your surroundings (Stealth+).
Your rubbery body absorbs attacks. (AC +1, EV +1)
((You are camouflaged near water. (Stealth+)))
You have tentacles for arms and can constrict up to eight enemies at once.


Message History

Terence is moderately wounded.
You constrict Terence, but do no damage.
Terence closely misses you.
You riposte.
You hit Terence but do no damage.
Terence is moderately wounded.
You hit Terence. You squeeze Terence.
Terence is severely wounded.
You constrict Terence, but do no damage.
Terence barely misses you. Terence misses you.
Casting: Sandblast (safe; 4% risk of failure)
Confirm with . or Enter, or press ? or * to list all spells.
Aiming: Sandblast (safe; 4% risk of failure)
Press: ? - help, Shift-Dir - straight line, f - Terence
Aim: Terence, wielding a +0 falchion and wearing a +0 chain mail (severely wounded, constricted by you, 100% to hit)
The blast of sand hits Terence but does no damage.
Terence is severely wounded.
You constrict Terence. Terence hits you with a +0 falchion!
Ouch! That really hurt!
A rat comes into view.
Casting: Sandblast (safe; 4% risk of failure)
Confirm with . or Enter, or press ? or * to list all spells.
Aiming: Sandblast (safe; 4% risk of failure)
Press: ? - help, Shift-Dir - straight line, f/p - Terence
Aim: Terence, wielding a +0 falchion and wearing a +0 chain mail (severely wounded, constricted by you, 100% to hit)
You miscast Sandblast.
You are very lightly contaminated with residual magic.
Nothing appears to happen.
You constrict Terence, but do no damage.
Terence closely misses you.
You riposte.
You hit Terence.
Terence is almost dead.
Casting: Sandblast (safe; 4% risk of failure)
Confirm with . or Enter, or press ? or * to list all spells.
Aiming: Sandblast (safe; 4% risk of failure)
Press: ? - help, Shift-Dir - straight line, f/p - Terence
Aim: Terence, wielding a +0 falchion and wearing a +0 chain mail (almost dead, constricted by you, 100% to hit)
The blast of sand hits Terence but does no damage.
Terence is almost dead.
You constrict Terence.
Terence screams, "I'm going to kill you!"
Terence hits you with a +0 falchion!
You die...

#†# #.#
#.# #.#
#.#
######.#
#......#
#.######
#@# #@#
r#. ##
##


You could see Terence and a rat.

Vanquished Creatures
  3 endoplasms (D:1)
  A kobold (D:1)
  3 ball pythons
  A bat (D:2)
  2 frilled lizards
  2 rats (D:1)
12 creatures vanquished.

Notes
Turn   | Place    | Note
-------+----------+-------------------------------------------
     0 | D:1      | tardwrangler69 the Octopode Earth Elementalist began the
                  | quest for the Orb.
     0 | D:1      | Reached XP level 1. HP: 11/11 MP: 3/3
   678 | D:1      | Reached XP level 2. HP: 11/17 MP: 5/5
  1186 | D:1      | Found a faded altar of an unknown god.
  1580 | D:2      | Noticed Terence
  1588 | D:2      | Slain by Terence

Illustrated notes

Levels and vault maps discovered:
D:1:      lightli_arrival_flooded_house, layout_basic,
          shapermc_ecumenical_altar_venn, chequers_serial_rivers_micro_a
D:2:      layout_loops_ring, uniq_terence

Action                   || total
-------------------------++-------
Melee: Unarmed           ||    18
       Tentacles         ||     7
       Constrict         ||     6
       Long sword        ||     8
 Cast: Sandblast         ||     7
 Stab: Sleeping          ||     4
Armor: Skin              ||     1
Dodge: Dodged            ||    20
       Rpst.: Long sword ||     2

Table legend: (Time is in decaauts)
 A = Elapsed time spent in this place.
 B = Non-inter-level travel time spent in this place.
 C = Inter-level travel time spent in this place.
 D = Time resting spent in this place.
 E = Time spent auto-exploring this place.
 F = Levels seen in this place.
 G = Mean time per level.
                   A        B        C        D        E       F      G
               +--------+--------+--------+--------+--------+-----+--------+
         Total |   1589 |   1542 |     47 |      0 |   1444 |   2 |  794.5 |
       Dungeon |   1589 |   1542 |     47 |      0 |   1444 |   2 |  794.5 |
               +--------+--------+--------+--------+--------+-----+--------+

Top non-repeatable levels by time:
     D:1: 1401 daAuts
     D:2: 188 daAuts
